 Dungeon Crawl Stone Soup version 0.30.1-11-g7821555f0a (webtiles) character file.

Game seed: 10548301524109554004

336 Destapler the Vexing (level 6, 0/42 HPs)
             Began as a Gnoll Hexslinger on Jan 12, 2024.
             Was a Follower of Hepliaklqana.
             Slain by a goblin
             ... wielding a +0 club
              (3 damage)
             ... on level 4 of the Dungeon.
             The game lasted 00:14:13 (3639 turns).

Destapler the Vexing (Gnoll Hexslinger)             Turns: 3639, Time: 00:14:13

Health: 0/42       AC:  3    Str:  9    XL:     6   Next: 54%
Magic:  5/11       EV: 14    Int: 12    God:    Hepliaklqana [*.....]
Gold:   176        SH:  0    Dex: 15    Spells: 11/12 levels left

rFire   . . .        p - +4 whip
rCold   + . .        (no shield)
rNeg    . . .        c - +0 robe
rPois   .            (no helmet)
rElec   .            (no cloak)
rCorr   .            (no gloves)
SInv    .            i - +0 pair of boots
Will    .....        (no amulet)
Stlth   ++           d - ring of protection from cold
HPRegen 0.27/turn    e - ring of wizardry
MPRegen 0.12/turn

%: wizardry (x1)
@: mighty
A: reduced essence, fangs 1, strong nose, distributed training
a: Renounce Religion, Recall Ancestor, Ancestor Identity


You were on level 4 of the Dungeon.
You worshipped Hepliaklqana.
Hepliaklqana was aware of your devotion.
You visited 1 branch of the dungeon, and saw 4 of its levels.

You collected 176 gold pieces.

Inventory:

Hand Weapons
 a - a +1 sling
 p - a +4 whip (weapon)
Armour
 c - a +0 robe (worn)
 i - a +0 pair of boots (worn)
Jewellery
 d - a ring of protection from cold (left hand)
 e - a ring of wizardry (right hand)
Scrolls
 b - a scroll of poison
 h - 3 scrolls of immolation {unknown}
 k - 2 scrolls of identify
 l - a scroll of teleportation
Potions
 f - a potion of brilliance
 g - a potion of flight
 j - a potion of might
 m - a potion of berserk rage {unknown}
 n - a potion of haste {unknown}
 o - a potion of ambrosia


   Skills:
 + Level 3.3 Fighting
 + Level 2.1 Short Blades
 + Level 2.1 Long Blades
 + Level 2.1 Axes
 + Level 2.1 Maces & Flails
 + Level 2.1 Polearms
 + Level 2.1 Staves
 + Level 5.0 Ranged Weapons
 + Level 2.1 Throwing
 + Level 2.1 Armour
 + Level 5.0 Dodging
 + Level 2.1 Stealth
 + Level 2.1 Shields
 + Level 2.1 Unarmed Combat
 + Level 3.5 Spellcasting
 + Level 1.6 Conjurations
 + Level 5.7 Hexes
 + Level 1.6 Summonings
 + Level 1.6 Necromancy
 + Level 1.6 Translocations
 + Level 1.6 Transmutations
 + Level 1.6 Fire Magic
 + Level 1.6 Ice Magic
 + Level 1.6 Air Magic
 + Level 1.6 Earth Magic
 + Level 1.6 Poison Magic
 + Level 2.3 Invocations
 + Level 2.1 Evocations


You had 11 spell levels left.
You knew the following spells:

 Your Spells              Type           Power      Damage    Failure   Level
a - Slow                  Hex            60%        N/A       1%          1

Your spell library contained the following spells:

 Spells                   Type           Power      Damage    Failure   Level
 Dazzling Flash           Conj/Hex       20%        N/A       6%          3
 Inner Flame              Hex/Fire       10%        N/A       6%          3
 Portal Projectile        Hex/Tloc       20%        N/A       6%          3
 Cause Fear               Hex            7%         N/A       9%          4
 Volatile Blastmotes      Fire/Tloc      12%        2d11      14%         3
 Iskenderun's Mystic Bla  Conj/Tloc      6%         2d4       41%         4
 Starburst                Conj/Fire      3%         6d3       99%         6


Dungeon Overview and Level Annotations

Branches:
Dungeon (4/15)             Temple (0/1) D:4

Altars:
Cheibriados
Hepliaklqana
Xom

Annotations:
D:4 Eustachio, Robin


Innate Abilities, Weirdness & Mutations

Your life essence is reduced to manifest your ancestor. (-10% HP)
You have very sharp teeth.
Your uncanny sense of smell can sniff out nearby items.
Your experience applies equally to all skills.


Message History

A goblin comes into view. It is wielding a +0 dagger of draining.
You shoot a sling bullet. The sling bullet closely misses Ijyb.
The goblin barely misses you.
Ijyb zaps a wand.
The puff of flame hits you! The goblin hits you with a +0 club.
Unknown command.
You aren't carrying any items that you can evoke.
You feel very mighty all of a sudden.
Ijyb zaps a wand.
The puff of flame hits you.
* * * LOW HITPOINT WARNING * * *
The goblin barely misses you.
p - a +4 whip (weapon)
You closely miss Ijyb.
Ijyb is lightly wounded.
The iron imp disappears in a puff of smoke!
The goblin hits you but does no damage.
Ijyb zaps a wand.
The puff of flame hits you.
* * * LOW HITPOINT WARNING * * *
You hit Ijyb.
Ijyb is moderately wounded.
The ufetubus disappears in a puff of smoke!
The goblin hits you with a +0 club.
* * * LOW HITPOINT WARNING * * *
You hit Ijyb.
Ijyb is heavily wounded.
Ijyb zaps a wand.
The puff of flame misses you. The goblin barely misses you.
You hit Ijyb. You bite Ijyb, but do no damage.
Ijyb is heavily wounded.
The goblin hits you with a +0 club.
* * * LOW HITPOINT WARNING * * *
Ijyb hits you with a +0 club.
* * * LOW HITPOINT WARNING * * *
You whack Ijyb! Your bite misses Ijyb.
Ijyb is almost dead.
The goblin closely misses you. Ijyb misses you.
You whack Ijyb!
You kill Ijyb!
The bat misses you. The goblin closely misses you.
You closely miss the goblin. Your bite misses the goblin.
The bat barely misses you. The goblin hits you with a +0 club.
You die...

######### #........
####.#..#.# #
#####.......#.## ...
#......#.#.....# #....
#.###..#.##.#.@##......
#.###..#.##..g.bgrg....
#.#....#......######...
#.#.##.########
##.#.##.# #.....>.#
#.##.##.# #.##.# .#
#.##.##.###


You could see a hobgoblin (strong), 2 goblins, a bat (summoned) and a rat
(summoned).

Vanquished Creatures
  An ogre (D:4)
  Natasha (thrice) (D:3 D:2)
  Ijyb (D:4)
  Terence (D:2)
  An orc wizard (D:4)
  2 adders
  A worm (D:2)
  3 dart slugs
  4 orcs (D:4)
  8 endoplasms
  3 giant cockroaches
  4 hobgoblins
  6 kobolds
  4 quokkas
  7 ball pythons
  A bat (D:3)
  7 frilled lizards (D:3)
  3 goblins
  4 rats
64 creatures vanquished.

Vanquished Creatures (collateral kills)
  An ufetubus (D:4)
  A worm (D:3)
  A frilled lizard (D:3)
3 creatures vanquished.

Vanquished Creatures (others)
  3 ancestors (D:4)
3 creatures vanquished.

Grand Total: 70 creatures vanquished

Notes
Turn   | Place    | Note
-------+----------+-------------------------------------------
     0 | D:1      | Destapler the Gnoll Hexslinger began the quest for the Orb.
     0 | D:1      | Reached XP level 1. HP: 17/17 MP: 4/4
   179 | D:1      | Reached XP level 2. HP: 23/23 MP: 5/5
  1026 | D:2      | Reached XP level 3. HP: 24/28 MP: 4/7
  1220 | D:2      | Found a shimmering altar of Xom.
  1270 | D:2      | Reached skill level 1 in Invocations
  1657 | D:3      | Reached skill level 1 in Short Blades
  1657 | D:3      | Reached skill level 1 in Long Blades
  1657 | D:3      | Reached skill level 1 in Axes
  1657 | D:3      | Reached skill level 1 in Maces & Flails
  1657 | D:3      | Reached skill level 1 in Polearms
  1657 | D:3      | Reached skill level 1 in Staves
  1657 | D:3      | Reached skill level 1 in Throwing
  1657 | D:3      | Reached skill level 1 in Armour
  1657 | D:3      | Reached skill level 1 in Stealth
  1657 | D:3      | Reached skill level 1 in Shields
  1657 | D:3      | Reached skill level 1 in Unarmed Combat
  1657 | D:3      | Reached skill level 1 in Evocations
  1724 | D:3      | Noticed Natasha
  1733 | D:3      | Noticed Terence
  1736 | D:3      | Killed Natasha
  1737 | D:3      | Reached skill level 1 in Conjurations
  1737 | D:3      | Reached skill level 1 in Summonings
  1737 | D:3      | Reached skill level 1 in Necromancy
  1737 | D:3      | Reached skill level 1 in Translocations
  1737 | D:3      | Reached skill level 1 in Transmutations
  1737 | D:3      | Reached skill level 1 in Fire Magic
  1737 | D:3      | Reached skill level 1 in Ice Magic
  1737 | D:3      | Reached skill level 1 in Air Magic
  1737 | D:3      | Reached skill level 1 in Earth Magic
  1737 | D:3      | Reached skill level 1 in Poison Magic
  1737 | D:3      | Reached XP level 4. HP: 9/34 MP: 8/8
  1746 | D:3      | Noticed Natasha
  1806 | D:2      | Killed Terence
  1891 | D:2      | Killed Natasha
  1892 | D:2      | Reached XP level 5. HP: 27/40 MP: 7/9
  2114 | D:2      | Found a shimmering altar of Xom.
  2424 | D:2      | Noticed Natasha
  2437 | D:2      | Killed Natasha
  2637 | D:3      | Found a snail-covered altar of Cheibriados.
  3060 | D:3      | Found a faded altar of an unknown god.
  3072 | D:3      | Prayed at the altar of an unknown god.
  3072 | D:3      | Became a worshipper of Hepliaklqana the Forgotten
  3072 | D:3      | Reached * piety under Hepliaklqana
  3304 | D:4      | Found a staircase to the Ecumenical Temple.
  3304 | D:4      | Noticed an ogre
  3315 | D:4      | Killed an ogre
  3316 | D:4      | Reached skill level 5 in Ranged Weapons
  3316 | D:4      | Reached skill level 5 in Dodging
  3316 | D:4      | Reached XP level 6. HP: 42/42 MP: 8/11
  3606 | D:4      | Noticed Robin
  3609 | D:4      | Noticed Ijyb
  3619 | D:4      | Noticed Eustachio
  3636 | D:4      | HP: 2/42 [Ijyb/+0 club (3)]
  3638 | D:4      | Killed Ijyb
  3639 | D:4      | Slain by a goblin

Illustrated notes

Levels and vault maps discovered:
D:1:      spicycebolla_arrival_xxxplode, layout_basic
D:2:      layout_basic, basic_altar, interstate_on_off, minmay_pentomino_x2
D:3:      layout_basic, cheibrodos_worm_habitat,
          chequers_ecumenical_altar_twisty, minmay_lizard_king, uniq_natasha,
          uniq_terence
D:4:      layout_loops_cross, minmay_temple_entry_tees, minmay_misc_feat_cross,
          nicolae_goblin_pals, uniq_grinder, uniq_crazy_yiuf_cottage,
          uniq_eustachio, uniq_pikel

Skill      XL: |  1  2  3  4  5  6 |
---------------+-------------------+-----
Invocations    | 1 2 |  2.3
Short Blades   | 1 2 |  2.1
Long Blades    | 1 2 |  2.1
Axes           | 1 2 |  2.1
Maces & Flails | 1 2 |  2.1
Polearms       | 1 2 |  2.1
Staves         | 1 2 |  2.1
Throwing       | 1 2 |  2.1
Armour         | 1 2 |  2.1
Stealth        | 1 2 |  2.1
Shields        | 1 2 |  2.1
Unarmed Combat | 1 2 |  2.1
Evocations     | 1 2 |  2.1
Spellcasting   | 3 |  3.5
Conjurations   | 1 |  1.6
Summonings     | 1 |  1.6
Necromancy     | 1 |  1.6
Translocations | 1 |  1.6
Transmutations | 1 |  1.6
Fire Magic     | 1 |  1.6
Ice Magic      | 1 |  1.6
Air Magic      | 1 |  1.6
Earth Magic    | 1 |  1.6
Poison Magic   | 1 |  1.6
Fighting       | 3 |  3.3
Ranged Weapons | 5 |  5.0
Dodging        | 5 |  5.0
Hexes          | |  5.7

Action                     |  1- 3 |  4- 6 || total
---------------------------+-------+-------++-------
  Melee: Whip              |       |     7 ||     7
         Bite              |       |     1 ||     1
   Fire: Sling             |   119 |   164 ||   283
  Throw: Throwing net      |       |     1 ||     1
   Cast: Slow              |    30 |    60 ||    90
 Invoke: Ancestor Identity |       |     1 ||     1
    Use: Potion            |       |     3 ||     3
         Scroll            |       |     8 ||     8
 Armour: Robe              |     9 |    11 ||    20
  Dodge: Dodged            |    25 |    76 ||   101
